 Dungeon Crawl Stone Soup version 0.18.1-47-g9310371 (webtiles) character file.

273 sarahorange the Conjurer (level 6, -5/28 HPs)
             Began as a Deep Elf Conjurer on June 22, 2016.
             Killed by nerve-wracking pain
             ... invoked by an orc priest
              (13 damage)
             ... on level 4 of the Dungeon.
             The game lasted 00:26:44 (3044 turns).

sarahorange the Conjurer (Deep Elf Conjurer)        Turns: 3044, Time: 00:26:45

Health: -5/28      AC:  8    Str:  7    XL:     6   Next: 2%
Magic:  11/15      EV: 13    Int: 20    God:
Gold:   148        SH:  0    Dex: 15    Spells: 3 memorised, 7 levels left

rFire  + . .     SeeInvis .     p - +0 short sword
rCold  . . .     Gourm    .     a - +0 robe
rNeg   . . .     Faith    .     (no shield)
rPois  .         Spirit   .     (no helmet)
rElec  .         Dismiss  .     q - +0 cloak
rCorr  .         Reflect  .     (no gloves)
SustAt .         Harm     .     (no boots)
MR     .....                    (no amulet)
Stlth  ++........               j - +5 ring of protection
                                d - ring of protection from fire

@: not resistant to hostile enchantments, unstealthy
A: frail 1, MP-powered wands, sturdy frame 1
a: no special abilities


You were on level 4 of the Dungeon.
You were not hungry.

You visited 1 branch of the dungeon, and saw 4 of its levels.

You collected 148 gold pieces.

Inventory:

Hand Weapons
 p - a +0 short sword (weapon)
 t - a -2 dagger
Missiles
 l - 3 tomahawks (quivered)
 r - 93 stones
Armour
 a - a +0 robe (worn)
 q - a +0 cloak (worn)
Jewellery
 d - a ring of protection from fire (left hand)
 j - a +5 ring of protection (right hand)
 m - an uncursed ring of ice {unknown}
 n - a +4 ring of slaying
Scrolls
 f - a scroll of magic mapping {unknown}
 k - a scroll of remove curse
 s - a scroll of identify
Potions
 e - 2 potions of heal wounds {unknown}
 h - a potion of might
 i - a potion of mutation
 u - a potion of agility {unknown}
Books
 b - a book of Conjurations

   Spells                             Type                      Level
   a - Magic Dart                     Conjuration                  1
   b - Searing Ray                    Conjuration                  2
   c - Dazzling Spray                 Conjuration/Hexes            3
   d - Fulminant Prism                Conjuration/Hexes            4
   e - Iskenderun's Mystic Blast      Conjuration                  4
   f - Iskenderun's Battlesphere      Conjuration/Charms           5
Comestibles
 c - 3 bread rations
 g - 4 fruits
 o - 3 meat rations
 v - a chunk of flesh


   Skills:
 + Level 0.8 Throwing
 + Level 3.2 Dodging
 + Level 3.0 Stealth
 + Level 4.7 Spellcasting
 * Level 6.8 Conjurations


You had 7 spell levels left.
You knew the following spells:

 Your Spells              Type           Power        Failure   Level  Hunger
a - Magic Dart            Conj           ####         1%          1    None
b - Searing Ray           Conj           ####..       1%          2    #......
c - Fulminant Prism       Conj/Hex       ###.......   30%         4    ####...


Dungeon Overview and Level Annotations

Branches:
Dungeon (4/15)
 Temple: D:4-7

Altars:
Elyvilon

Shops:
D:4 [


Innate Abilities, Weirdness & Mutations

You are frail (-10% HP).
You expend magic power (3 MP) to strengthen your wands.
Your movements are slightly less encumbered by armour (ER -2).


Message History

Confirm with . or Enter, or press ? or * to list all spells.
Aiming: Fulminant Prism
Press: ? - help, Dir - move target cursor, p - orc priest You conjure a prism of explosive energy!
The orc shouts!
The orc priest shouts!
The orc shouts! x3
The orc priest calls down the wrath of Beogh upon you.
Beogh smites you!
The orc priest invokes the aid of Beogh against you.
Pain shoots through your body!
* * * LOW HITPOINT WARNING * * *
You hear a loud crackle.
You hear an explosion!
You feel a bit more experienced.
Your Stealth skill increases to level 3!
You feel a bit more experienced.
The blast of energy engulfs the orc priest.
The orc priest is moderately wounded.
The orc priest mumbles some strange prayers to Beogh against you.
Pain shoots through your body!
You die...

### # #.. .# #.#
... # #.# ... ?..
#.# ..#
..#..###.#####...#
.........@..<..#
...#........####
#..#.###.# #o.#.#
#.# o.* #.. #.#


.ooo ##. #.# .... . ... .... .#### You could see an orc priest.

Vanquished Creatures
  The ghost of simples the Skirmisher, an amateur FoAK of Lugonu (D:3)
  An orc priest (D:3)
  Ijyb (D:2)
  An adder (D:3)
  2 worms
  A dart slug (D:3)
  2 giant geckos (D:2)
  7 orcs
  5 bats
  A giant cockroach (D:2)
  5 hobgoblins
  6 jackals
  4 giant newts
  12 goblins
  6 kobolds
  5 rats (D:2)
60 creatures vanquished.

Vanquished Creatures (others)
  A fulminant prism (D:4)
1 creature vanquished.

Grand Total: 61 creatures vanquished

Notes
Turn   | Place    | Note
--------------------------------------------------------------
     0 | D:1      | sarahorange the Deep Elf Conjurer began the quest for the Orb.
     0 | D:1      | Reached XP level 1. HP: 10/10 MP: 6/6
   313 | D:1      | Reached XP level 2. HP: 15/15 MP: 1/8
   531 | D:1      | Learned a level 2 spell: Searing Ray
   645 | D:1      | Reached skill level 5 in Conjurations
  1252 | D:2      | Reached XP level 3. HP: 19/19 MP: 7/9
  1342 | D:2      | Gained mutation: You are frail (-10% HP). [potion of mutation]
  1342 | D:2      | Gained mutation: You expend magic power (3 MP) to strengthen your wands. [potion of mutation]
  1342 | D:2      | Gained mutation: Your movements are slightly less encumbered by armour (ER -2). [potion of mutation]
  1347 | D:2      | Noticed Ijyb
  1360 | D:2      | Killed Ijyb
  1607 | D:2      | Reached XP level 4. HP: 21/21 MP: 6/11
  1613 | D:2      | Learned a level 4 spell: Fulminant Prism
  1958 | D:3      | Noticed simples's ghost (amateur FoAK)
  1968 | D:3      | Killed simples's ghost
  1968 | D:3      | Reached skill level 6 in Conjurations
  1968 | D:3      | Reached XP level 5. HP: 19/25 MP: 0/13
  2186 | D:3      | Found a white marble altar of Elyvilon.
  2658 | D:2      | Reached XP level 6. HP: 16/28 MP: 2/15
  2982 | D:4      | Found Maucoist's Armour Boutique.
  3044 | D:4      | Killed from afar by an orc priest

Skill      XL: |  1  2  3  4  5  6 |
---------------+-------------------+-----
Conjurations   | 5 6 |  6.8
Spellcasting   | 4 |  4.7
Dodging        | 3 |  3.2
Stealth        | 3 |  3.0
Throwing       | |  0.8

Action                   |  1- 3 |  4- 6 || total
-------------------------+-------+-------++-------
Melee: Unarmed           |       |     2 ||     2
Throw: Tomahawk          |     3 |     7 ||    10
       Stone             |       |    18 ||    18
 Cast: Magic Dart        |    55 |    33 ||    88
       Searing Ray       |     4 |     6 ||    10
       Fulminant Prism   |       |     1 ||     1
  Use: Scroll            |     8 |     1 ||     9
       Potion            |     5 |       ||     5
  Eat: Chunk             |     2 |     3 ||     5
       Royal jelly       |       |     1 ||     1
Armor: Robe              |     3 |    21 ||    24
Dodge: Dodged            |     8 |    23 ||    31
